Map: Ruins of Seras

Players

Konradk - Winner!

  • Race: Protoss Protoss

TomCat

  • Race: Terran Terran
  • League: Silver

VOD

Have the link to the VOD?

Description

Time

  • Played on: Nov. 25, 2015, 12:48 p.m.
  • Length: 12:19
Show
View Real Time Build Order
Export as new Build Order

Konradk Protoss - Winner!

Build Orders: Nexus First 

Get SALT Encoding   

  13  0:07  Probe (Chrono Boost)  
  13  0:14  Pylon  
  13  0:18  Probe (Chrono Boost)  
  14  0:28  Probe (Chrono Boost)  
  15  0:39  Probe (Chrono Boost)  
  17  0:50  Probe (Chrono Boost)  
  17  1:00  Nexus  
  17  1:03  Probe (Chrono Boost)  
  18  1:13  Probe (Chrono Boost)  
  19  1:20  Gateway  
  19  1:22  Assimilator  
  19  1:26  Probe (Chrono Boost)  
  19  1:31  Assimilator  
  20  1:39  Probe (Chrono Boost)  
  21  1:49  Gateway, Probe (Chrono Boost)  
  22  1:58  Pylon  
  22  2:00  Probe (Chrono Boost)  
  23  2:12  Probe (Chrono Boost)  
  23  2:17  Cybernetics Core  
  23  2:23  Probe (Chrono Boost)  
  23  2:24  Probe (Chrono Boost)  
  25  2:33  Probe (Chrono Boost)  
  25  2:35  Probe (Chrono Boost)  
  28  2:44  Probe (Chrono Boost)  
  28  2:45  Probe (Chrono Boost)  
  29  2:53  Adept x2 (Chrono Boost)  
  29  2:54  Warp Gate  
  29  2:58  Probe x2  
  35  3:09  Pylon  
  35  3:10  Probe x2  
  37  3:17  Robotics Facility  
  37  3:26  Probe (Chrono Boost)  
  37  3:27  Probe (Chrono Boost)  
  39  3:30  Assimilator  
  39  3:38  Mothership Core (Chrono Boost)  
  41  3:44  Probe (Chrono Boost)  
  41  3:47  Pylon  
  42  3:54  Probe (Chrono Boost)  
  41  4:14  Probe (Chrono Boost)  
  41  4:15  Probe (Chrono Boost)  
  43  4:20  Observer  
  44  4:25  Probe x2 (Chrono Boost)  
  44  4:29  Twilight Council  
  44  4:30  Gateway x2  
  46  4:33  Gateway  
  46  4:34  Gateway  
  46  4:36  Assimilator  
  44  4:43  Gateway x2  
  44  4:51  Observer  
  45  4:56  Pylon  
  45  5:10  Pylon  
  45  5:11  Pylon  
  45  5:14  Blink (Chrono Boost)  
  45  5:17  Warp Prism  
  45  5:18  Zealot x2  
  51  5:32  Stalker x2  
  51  5:33  Stalker x2  
  59  5:39  Probe  
  59  5:40  Probe  
  61  5:55  Stalker x4  
  61  5:56  Nexus  
  69  6:10  Probe  
  69  6:11  Probe  
  71  6:19  Forge  
  71  6:20  Forge  
  71  6:21  Probe  
  71  6:24  Probe  
  73  6:26  Stalker  
  73  6:27  Stalker x2  
  79  6:40  Probe  
  79  6:42  Probe  
  81  6:55  Assimilator  
  81  6:57  Assimilator  
  81  7:00  Pylon  
  81  7:01  Pylon  
  81  7:03  Pylon  
  81  7:16  Zealot  
  81  7:17  Zealot x3  
  87  7:32  Stalker x4  
  87  7:33  Protoss Ground Weapons Level 1 (Chrono Boost), Protoss Ground Armor Level 1 (Chrono Boost)  
  87  7:35  Probe x3  
  94  7:47  Stalker x4  
  94  7:50  Probe x3  
  103  8:02  Probe x3  
  106  8:13  Zealot x2  
  106  8:18  Zealot  
  112  8:25  Stalker  
  112  8:26  Stalker x3  
  118  8:31  Templar Archives  
  114  8:47  Robotics Bay  
  114  8:50  Pylon  
  114  8:53  Pylon  
  114  8:59  Robotics Facility  
  114  9:02  Stalker  
  114  9:03  Stalker x2  
  114  9:09  Psionic Storm  
  120  9:15  Pylon  
  120  9:17  Pylon  
  120  9:19  Pylon  
  120  9:21  Pylon  
  120  9:44  Zealot x5  
  130  9:51  Mothership Core  
  126  9:58  Disruptor x2  
  128  10:01  Probe  
  128  10:02  Probe, Protoss Ground Weapons Level 2 (Chrono Boost), Protoss Ground Armor Level 2 (Chrono Boost)  
  130  10:11  High Templar x3  
  130  10:12  Probe, High Templar x4  
  141  10:17  Nexus  
  141  10:18  Pylon  
  139  10:22  Pylon  
  139  10:23  Zealot  
  139  10:24  Pylon  
  141  10:29  Pylon  
  141  10:31  Assimilator  
  141  10:34  Gateway x2  
  141  10:35  Assimilator  
  141  10:37  Gateway  
  141  10:45  Zealot x5  
  151  10:55  Disruptor x2  
  149  11:00  Zealot x3  
  143  11:24  High Templar x5  
  153  11:30  Gateway, Disruptor  
  153  11:31  Disruptor  
  153  11:32  Gateway  
  159  11:34  Gateway  
  159  11:36  Gateway, Pylon  
  159  11:38  Probe x3  
  162  11:40  Pylon  
  162  11:56  Stalker x3  
  162  11:57  Stalker x2  
  162  12:00  Archon x2  
Show
View Real Time Build Order
Export as new Build Order

TomCat Terran 

Build Orders:  

Get SALT Encoding   

  12  0:01  SCV  
  13  0:13  SCV  
  14  0:25  SCV, Supply Depot  
  15  0:44  Refinery  
  15  0:47  SCV  
  16  0:50  Barracks  
  16  0:59  SCV  
  17  1:11  SCV  
  18  1:16  Supply Depot  
  18  1:23  SCV  
  19  1:38  Orbital Command  
  19  1:39  Marine  
  20  1:51  Factory  
  20  1:56  Barracks  
  20  2:04  Engineering Bay  
  20  2:05  SCV, Barracks Tech Lab  
  21  2:28  Marauder  
  23  2:30  Concussive Shells  
  23  2:32  SCV  
  24  2:43  Missile Turret  
  25  2:44  SCV  
  25  2:47  Widow Mine  
  25  2:49  Marine  
  25  2:50  Marauder  
  30  2:57  SCV, Refinery  
  31  3:07  Supply Depot  
  31  3:14  Supply Depot  
  31  3:28  Marine  
  31  3:30  Widow Mine  
  31  3:31  Marauder  
  36  3:46  Marine  
  37  3:56  Command Center  
  36  4:04  Marine  
  35  4:31  Marauder, Marine  
  36  4:35  Widow Mine  
  38  4:49  Marine  
  38  4:52  Marauder  
  41  5:06  Marine  
  42  5:20  Marauder  
  42  5:21  Widow Mine  
  44  5:24  Marine  
  45  5:40  Marine  
  45  5:42  Marine  
  47  5:49  Barracks  
  47  5:50  Barracks  
  47  5:52  Orbital Command  
  47  6:04  SCV  
  47  6:08  Supply Depot  
  48  6:13  Refinery  
  48  6:15  Factory Reactor  
  48  6:17  Barracks Reactor  
  48  6:26  SCV  
  48  6:28  SCV  
  50  6:39  SCV  
  51  6:45  Barracks Reactor  
  51  6:47  Marauder  
  51  6:48  Barracks Tech Lab  
  51  6:49  Combat Shields  
  51  6:52  Terran Infantry Weapons Level 1  
  53  7:09  Marauder  
  39  7:49  Marine x6  
  43  8:05  SCV  
  44  8:07  Marine x2  
  44  8:08  Marauder x2  
  50  8:20  SCV x2  
  48  8:29  Marauder x2  
  48  8:32  SCV x2  
  51  8:51  Marauder  
  51  8:53  Bunker  
  53  9:00  Marine x4  
  53  9:01  Marauder  
  59  9:09  SCV  
  60  9:12  Marauder  
  62  9:21  SCV  
  63  9:26  Starport  
  63  9:32  SCV  
  63  9:33  SCV  
  65  9:44  SCV  
  60  9:53  Marine x4  
  60  9:54  Marauder, Marine  
  60  9:56  SCV  
  66  10:04  Medivac x2  
  69  10:08  SCV  
  70  10:26  Supply Depot  
  66  11:05  Supply Depot  
  60  11:21  Marine  
  55  11:26  SCV, Medivac  
  55  11:32  Marine x2  
  58  11:33  Marauder  
  58  11:38  SCV  
Tags
 
Add a new tag
Caveats
  • Supply blocks, unpowered buildings, or Contaminate may cause inaccurate times.
  • Supply counts are checked every 10 seconds.